Cogmind - Beta 12 @@@ ROGUE MODE // 2024.02.09 @ 02:40:06 Player: AzulianBlue Result: Destroyed by D-53 Grenadier with Mini Grenade Launcher Performance ------------- Evolutions (0) 0 Regions Visited (2) 400 Robots Destroyed (6) 30 Value Destroyed (136) 136 Prototype IDs (0) 0 Alien Tech Used (0) 0 Bonus (0) 0 TOTAL SCORE: 566 Bonus ------- None Cogmind --------- Core Integrity 0/250 Matter 364/500 Energy 99/100 System Corruption 2% Temperature Cool (0) Movement Core (100) Ox1 Location -10/Mines Parts ------- > --- POWER (1) -------- (None) > --- PROPULSION (2) --- (None) > --- UTILITY (2) ------ High-capacity Matter Pod Signal Interpreter > --- WEAPON (2) ------- Hammer > --- INVENTORY (5) ---- Light Ion Engine Small Storage Unit Medium Laser Peak State ------------ > --- POWER ------------ Ion Engine > --- PROPULSION ------- Aluminum Leg Aluminum Leg > --- UTILITY ---------- High-capacity Matter Pod Signal Interpreter > --- WEAPON ----------- Medium Laser Medium Laser > --- INVENTORY -------- Light Ion Engine Aluminum Leg Small Storage Unit Assault Rifle Hammer [Rating: 7] Favorites ----------- Power Ion Engine Engine Ion Engine Propulsion Aluminum Leg Leg Aluminum Leg Utility Signal Interpreter Storage High-capacity Matter Pod Processor Signal Interpreter Weapon Medium Laser Energy Gun Medium Laser Ballistic Gun Assault Rifle Impact Weapon Hammer Build | -11 -10 -10 ------- Run | Jun Mat Min Slots Evolved . | . . . Power . | . . . Propulsion . | . . . Utility . | . . . Weapon . | . . . Parts Attached 12 | 5 6 1 Power 2 | 1 1 . Engine 2 | 1 1 . Core . | . . . Reactor . | . . . Propulsion 3 | 2 1 . Treads . | . . . Leg 3 | 2 1 . Wheel . | . . . Hover . | . . . Flight . | . . . Utility 2 | . 2 . Device . | . . . Storage 1 | . 1 . Processor 1 | . 1 . Hackware . | . . . Protection . | . . . Artifact . | . . . Weapon 5 | 2 2 1 Energy Gun 2 | 2 . . Energy Cannon . | . . . Ballistic Gun 2 | . 1 1 Ballistic Cannon . | . . . Launcher . | . . . Special Weapon . | . . . Impact Weapon 1 | . 1 . Slashing Weapon . | . . . Piercing Weapon . | . . . Special Melee Weapon . | . . . Unidentified Prototypes . | . . . Parts Lost 7 | . 2 5 Power 2 | . 1 1 Propulsion 3 | . 1 2 Utility . | . . . Weapon 2 | . . 2 Highest Loss Streak 5 | . 1 5 To Critical Strikes . | . . . Average Slot Usage (%) 89 | . 86 96 Engine 12 | . 12 14 Leg 25 | . 25 24 Storage 8 | . 7 14 Processor 12 | . 12 14 Energy Gun 20 | . 23 12 Impact Weapon 6 | . 4 14 Naked Turns . | . . . Heaviest Build 13 | 9 13 11 Greatest Support 20 | 20 20 20 Greatest Overweight (x) 3 | . 1 3 Average Overweight (x) . | . . . Largest Inventory Capacity 5 | 5 5 5 Average Capacity 5 | 5 5 5 Most Carried 5 | 3 5 4 Average Carried 3 | 1 4 3 Final Capacity 5 | 5 5 5 Final Carried 4 | 3 4 3 Class Distribution -------------------- 100% | Mutant Dominant Class ---------------- Mutant | -10/Materials Mutant | -10/Mines Resources | -11 -10 -10 ----------- Run | Jun Mat Min Matter Collected 367 | 215 152 . Remotely . | . . . Salvage Created 151 | . 151 . Parts 10 | . 10 . Haulers Intercepted . | . . . Recyclers Shooed . | . . . Parts Field Recycled . | . . . Retrieved Matter . | . . . Parts Self-Destructed . | . . . Prevented . | . . . Kills | -11 -10 -10 ------- Run | Jun Mat Min Combat Hostiles Destroyed 5 | . 5 . Guns 5 | . 5 . Classes Destroyed 3 | . 3 . Builder 1 | . 1 . Swarmer 3 | . 3 . Grunt 2 | . 2 . Best Kill Streak 4 | . 4 . Combat Bots Only 3 | . 3 . Max Kills in Single Turn 1 | . 1 . Gunslinging . | . . . Exploded . | . . . Melee . | . . . Uniques/NPCs Destroyed . | . . . Combat | -11 -10 -10 -------- Run | Jun Mat Min Damage Taken 897 | . 482 415 Core 252 | . 126 126 Absorbed by Shields . | . . . Core Remaining (%) 100 | 100 . . Volleys Fired 28 | . 28 . Largest 2 | . 2 . Hottest 100 | . 100 . Shots Fired 44 | . 44 . Gun 44 | . 44 . Cannon . | . . . Launcher . | . . . Special . | . . . Kinetic 2 | . 2 . Thermal 42 | . 42 . Explosive . | . . . Electromagnetic . | . . . Robot Hit Streak 5 | . 5 . Robot Miss Streak 4 | . 4 . Penetration Max . | . . . Secondary Targets . | . . . Shots Hit Robots 26 | . 26 . Core Hits 10 | . 10 . Critical Kills . | . . . Critical Parts Destroyed . | . . . Critical Strikes 2 | . 2 . Burn 2 | . 2 . Melee Attacks 1 | . 1 . Impact 1 | . 1 . Slashing . | . . . Piercing . | . . . Sneak Attacks . | . . . Combat Hostiles . | . . . Follow-up Attacks . | . . . Damage Inflicted 350 | . 350 . Guns 327 | . 327 . Cannons . | . . . Explosions 23 | . 23 . Melee . | . . . Ramming . | . . . Kinetic 22 | . 22 . Thermal 305 | . 305 . Explosive . | . . . Electromagnetic 23 | . 23 . Impact . | . . . Slashing . | . . . Piercing . | . . . Highest Corruption 2 | . 2 2 Average Corruption 1 | . 1 2 Corruption Purged . | . . . Corruption Blocked . | . . . Effects 7 | . 5 2 Message Errors 2 | . 2 . Matter Fused 2 | . 2 . Energy Discharges 1 | . . 1 Data Loss (minor) 1 | . . 1 Data Loss (major) 1 | . 1 . Overload Shots . | . . . Overflow Damage . | . . . Projectiles . | . . . Explosions . | . . . Melee . | . . . Knockbacks . | . . . Impact . | . . . Kinetic . | . . . Secondary . | . . . Self-Inflicted Damage 34 | . 34 . Shots 1 | . 1 . Rammed . | . . . Targets Rammed . | . . . Kicked . | . . . Crushed . | . . . Highest Temperature 327 | . 327 . Average Temperature 120 | . 120 . Received Heat Transfer 129 | . 117 12 Effects 1 | . 1 . Energy Bleed 1 | . 1 . Siege Activations . | . . . Robots Corrupted . | . . . Combat Hostiles . | . . . Parts Fried . | . . . Impact Corruptions . | . . . Robots Melted . | . . . Combat Hostiles . | . . . Parts Melted 4 | . 4 . Heat Transferred 1073 | . 1073 . Parts Sabotaged . | . . . Parts Stolen . | . . . Parts Stripped . | . . . Power Chain Reactions . | . . . Missiles Intercepted . | . . . Alert | -11 -10 -10 ------- Run | Jun Mat Min Peak Influence 196 | . 196 76 Initial 76 | . . 76 Average 61 | . 75 72 Maximum Alert Level . | . . . Low Security (%) 100 | 100 100 100 Level 1 . | . . . Level 2 . | . . . Level 3 . | . . . Level 4 . | . . . Level 5 . | . . . High Security . | . . . Max Security . | . . . Squads Dispatched . | . . . Investigation . | . . . Extermination . | . . . Reinforcement . | . . . Assault . | . . . Garrison . | . . . Intercept . | . . . Searches Triggered . | . . . Construction Impeded . | . . . Haulers Reinforced . | . . . Active Scanning Responses . | . . . Cargo Convoy Interrupts . | . . . Stealth | -11 -10 -10 --------- Run | Jun Mat Min Distress Signals . | . . . Communications Jammed . | . . . Distress Signals . | . . . Times Spotted 11 | . 9 2 Peak Tracking Total 4 | . 4 2 Tactical Retreats 1 | . 1 . Traps | -11 -10 -10 ------- Run | Jun Mat Min Traps Triggered 2 | . 2 . Indirectly . | . . . Trap Hack Attempts . | . . . Triggered . | . . . Disarmed . | . . . Reprogrammed . | . . . Reused . | . . . Traps Extracted . | . . . Installed . | . . . Triggered . | . . . Machines | -11 -10 -10 ---------- Run | Jun Mat Min Machines Disabled 2 | . 2 . Max in Single Turn 2 | . 2 . Machines Repaired . | . . . Machines Sabotaged . | . . . Overloaded Fab Kills . | . . . Hacking | -11 -10 -10 --------- Run | Jun Mat Min Machines Accessed . | . . . Terminals . | . . . Fabricators . | . . . Repair Stations . | . . . Recycling Units . | . . . Scanalyzers . | . . . Garrison Access . | . . . Total Hacks . | . . . Successful . | . . . Failed . | . . . Catastrophic . | . . . Database Lockouts . | . . . Manual . | . . . Terminals . | . . . Fabricators . | . . . Repair Stations . | . . . Recycling Units . | . . . Scanalyzers . | . . . Garrison Access . | . . . Terminal Hacks . | . . . Fabricator Hacks . | . . . Repair Station Hacks . | . . . Recycling Unit Hacks . | . . . Scanalyzer . | . . . Garrison Access Hacks . | . . . Unauthorized Hacks . | . . . Terminals . | . . . Fabricators . | . . . Repair Stations . | . . . Recycling Units . | . . . Scanalyzers . | . . . Garrison Access . | . . . Data Cores Recovered . | . . . Used . | . . . Hacking Detections . | . . . Full Trace Events . | . . . Feedback Events . | . . . Feedback Blocked . | . . . Robot Schematics Acquired . | . . . Robots Built . | . . . Authchips . | . . . Time . | . . . Total Robot Build Rating . | . . . Part Schematics Acquired . | . . . Parts Built . | . . . Authchips . | . . . Time . | . . . Total Part Build Rating . | . . . Parts Repaired . | . . . Time . | . . . Parts Recycled . | . . . Recycled Matter . | . . . Retrieved Matter . | . . . Retrieved Components . | . . . Parts Scanalyzed . | . . . Part Schematics Acquired . | . . . Parts Damaged . | . . . Bothacking | -11 -10 -10 ------------ Run | Jun Mat Min Used RIF Installer . | . . . Robots Hacked . | . . . Non-combat . | . . . Combat . | . . . Robot Hacks Applied . | . . . Relay Couplers Released . | . . . Fabnet Peak Effective % . | . . . Robots Rewired . | . . . Allies Hacked . | . . . Hacks Repelled . | . . . Allies | -11 -10 -10 -------- Run | Jun Mat Min Total Allies . | . . . Largest Group . | . . . Highest-Rated Group . | . . . Highest-Rated Ally . | . . . Total Orders . | . . . Ally Attacks . | . . . Total Damage . | . . . Kills . | . . . Allies Corrupted . | . . . Allies Melted . | . . . Intel | -11 -10 -10 ------- Run | Jun Mat Min Robot Analysis Total . | . . . Derelict Logs Recovered . | . . . Drone Launches . | . . . Drone Recoveries . | . . . Exploration | -11 -10 -10 ------------- Run | Jun Mat Min Turns Passed 453 | 79 282 92 Spaces Moved 281 | 65 144 72 Core 27 | 21 . 6 Treads . | . . . Legs 254 | 44 144 66 Wheels . | . . . Hover . | . . . Flight . | . . . Fastest Speed 50 | 50 120 100 Average Speed 118 | 97 125 121 Slowest Speed 200 | 120 190 200 Overloaded Moves . | . . . Propulsion Burnouts . | . . . Robots Hopped . | . . . Cave-ins Triggered . | . . . Exploration Rate (%) 21 | 4 29 30 Regions Visited 2 Branch Regions 1 Pre-discovered Areas . | . . . Known Exits Taken 1 | . 1 . Unknown Exits Taken 1 | 1 . . Scrap Searched . | . . . Spaces Dug . | . . . Terrain Destroyed . | . . . Melee . | . . . Projectile . | . . . AOE . | . . . Terrain Rammed . | . . . Walls Destroyed . | . . . Machines Disabled . | . . . Actions | -11 -10 -10 --------- Run | Jun Mat Min Total 354 | 80 197 77 Wait 23 | 3 16 4 Move 279 | 64 143 72 Hop . | . . . Pick Up 11 | 8 3 . Fast Attach 2 | . 2 . Attach 8 | 5 2 1 Detach . | . . . Swap 2 | . 2 . Drop . | . . . Fire 28 | . 28 . Melee 1 | . 1 . Ram . | . . . Kick . | . . . Crush . | . . . Escape Stasis . | . . . Rewire . | . . . Trap . | . . . Miscellaneous . | . . . Route ------- -11/Junkyard -10/Materials -10/Mines (discovered 1 exit: [*Mat]) History --------- Turn | Location | Event 9 | -11/Junkyard | Discovered new exit (range 15) 80 | -11/Junkyard | Entered Materials 301 | -10/Materials | Core integrity fell below 50% 315 | -10/Materials | Build established: Mutant 345 | -10/Materials | Discovered new exit (range 13) 359 | -10/Materials | Identified exit to Mines 362 | -10/Materials | Entered Mines 402 | -10/Mines | Discovered new exit (range 4) 434 | -10/Mines | Assembled infested the area 439 | -10/Mines | Assisted by a Guerilla fighting off Assembled 449 | -10/Mines | Core integrity fell below 20% 454 | -10/Mines | Destroyed by D-53 Grenadier with Mini Grenade Launcher Last Messages --------------- 00439_ A derelict emerges from the shadows: "You need to get out of here! I've been tracking a group of Assembled to figure out where they're coming from, and they're closing on this area, come on!" 00439_ K-01 Serf collects debris. 00441_ C-30 ARC bursts open, deploying its payload. 00441_ D-53 Grenadier unfolds itself. 00442_ Plasma Injector explodes. 00442_ U-05 Engineer destroyed. 00443_ R-06 Scavenger collects Wheel. 00443_ Aluminum Leg destroyed. 00443_ R-06 Scavenger destroyed. 00443_ K-01 Serf collects debris. 00445_ Aluminum Leg destroyed. 00446_ Med. Laser destroyed. 00447_ K-01 Serf collects debris. 00449_ The unstable cave ceiling collapses. 00450_ Lgt. Ion Engine destroyed. 00450_ Assault Rifle destroyed. 00451_ K-01 Serf collects debris. 00453_ The unstable cave ceiling collapses. Map ----- +----------------------------------------------------+ | ??????????????????????????????????????? | | ??????????????????????????????????????? | | ??????????????????????????????????????? | | ??????????????????????????????????????? | | ??????????????????????????????????????? | | ??????????????????????????????????????? | | ??????????????????????????????????????? | | ??????????????????????????????????????? | | ??????????????????????? ??????????????? | | ??????????????????????? ??????????????? | | ??????????????????????? #?????????????? | | ??????????????????????? ##???????????? | | ??????????????????????? ##??????????? | | ??????????????????????? ##?????????? | | ??????????????????????? ??????????? | | ?????????????????????## ??????????? | | ????????????????????## ???????????? | | ????????????????????# ???????????? | | ???????????????????## ????????????? | | ???????????????????# ????????????? | | ???????????????????# ?????????????? | | ????????????????????# ?????????????? | | ?????????????????????# #?????????????? | | ?????????????????????# ####??????????? | | ?????????????????????#!! ###????????? | | ???????????????????### ! @ #????#???? | | ??????????????????## ### ##??? | | ?????????????????## #??? | | ????????????????## #?? | | ????????????????# #? | | ????????????????# #? | | ????????????????## ##? | | ?????????????????## ######?? | | ??????????????????# ##??????? | | ??????????????????# d ;#???????? | | ??????????????????# d ;##???????? | | ??????????????????# ##????????? | | ?????????????????## ##?????????? | | ?????????????????# ###??????????? | | #####????????????# ##????????????? | | #???????????##% ##?????????????? | | #??????????## #??????????????? | | ### #??????????# ### ##????????? | | ??# ############ #????????? | | ??# # #????????? | | ??# #????????? | | ??############# ## #???????? | | ??????????????# ##?# ?????? | | ?????????????# < #??? ?????? | | ????????????# #???? ?????? | +----------------------------------------------------+ Best States ------------- Heat Dissipation 25 Energy Generation 10 Energy Capacity 250 Matter Stores 359 Matter Capacity 500 Sight Range 16 Terrain Scan Density 10 Evasion (%) 55 Item Schematics ----------------- None Robot Schematics ------------------ None Fabricated ------------ Nothing Alien Tech Used ----------------- None Achievements -------------- None Challenges ------------ None Game ------ Seed MeleeWarpScrap Manual? 0 Play Time 00:09:38 Cumulative 6.0 hours Start 2024.02.09 @ 02:26:53 End 2024.02.09 @ 02:40:06 Sessions 1 Manual Loads 0 Difficulty Rogue Special Mode None Game No. 24 Rogue 24 Adventurer 0 Explorer 0 Win Type - Total 0 Types 0/0/0/0/0/0/0/0/0 Lore% 10 Gallery% 9 Achievement% 10 Wizard Run 0 Options --------- ASCII 0 Keyboard 0 Movement Mouse Keybinds 0 Fullscreen 2 Font 18/SmallcapsGlow Map View 76x50 Tactical HUD 1 Map Filters NONE Filters NONE Steam 1 RUN: e981ec64-6666-483a-b710-1dd4e5293d1a